 Dungeon Crawl Stone Soup version 0.27-a0-1191-g601b473118 (webtiles) character file.

Game seed: 9028606249569862987

20138 Sobieck the Spear-Bearer (level 12, -4/89 HPs)
             Began as a Merfolk Gladiator on May 23, 2021.
             Was an Elder of Cheibriados.
             Slain by a chaos spawn (9 damage)
             ... summoned by an orc high priest
             ... on level 2 of the Orcish Mines on May 24, 2021.
             The game lasted 00:42:11 (16316 turns).

Sobieck the Spear-Bearer (Merfolk Gladiator)       Turns: 16316, Time: 00:42:12

Health: -4/89      AC:  9    Str: 24    XL:     12   Next: 76%
Magic:  19/19      EV: 20    Int: 31    God:    Cheibriados [****..]
Gold:   780        SH:  7    Dex: 32    Spells: 3/11 levels left

rFire    + . .     SeeInvis .   a - +8 rapier of the Hummingbird {elec, *Corrode rPois Int+3, short}
rCold    . . .     Faith    .   S - +0 buckler
rNeg     . . .     Spirit   .   u - +2 ring mail {rF+}
rPois    +         Reflect  .   c - +2 helmet
rElec    .         Harm     .   (no cloak)
rCorr    .         Rampage  .   w - +0 pair of gloves
Will     .....                  A - +0 pair of boots
Stlth    ++........             (no amulet)
HPRegen  0.24/turn              B - +6 ring of dexterity
MPRegen  0.16/turn              p - +6 ring of intelligence

@: corroded, very slow
A: (nimble swimmer 2), mertail
a: Renounce Religion, Bend Time, Temporal Distortion, Slouch


You were on level 2 of the Orcish Mines.
You worshipped Cheibriados.
Cheibriados was greatly pleased with you.
You visited 3 branches of the dungeon, and saw 16 of its levels.

You collected 1018 gold pieces.
You spent 238 gold pieces at shops.


Innate Abilities, Weirdness & Mutations

((You are quick and stealthy near water. (Stealth+, EV+, Speed+++)))
Your lower body shifts to a powerful aquatic tail in water.


   Skills:
 + Level 6.8 Fighting
 - Level 14.0 Short Blades
 - Level 14.2 Polearms
 - Level 2.0 Throwing
 - Level 3.0 Armour
 + Level 8.7 Dodging
 - Level 4.0 Shields
 - Level 10.0 Invocations


You had 3 spell levels left.
You knew the following spells:

 Your Spells              Type           Power      Damage    Failure   Level
a - Ignition              Fire           0%         3d3       100%        8

Your spell library contained the following spells:

 Spells                   Type           Power      Damage    Failure   Level
 Corona                   Hex            0%         N/A       14%         1
 Ensorcelled Hibernation  Hex/Ice        0%         N/A       21%         2
 Confusing Touch          Hex            0%         N/A       38%         3
 Dazzling Flash           Conj/Hex       0%         N/A       38%         3
 Ignite Poison            Fire/Tmut/Pois 0%         N/A       38%         3
 Tukima's Dance           Hex            0%         N/A       38%         3
 Fireball                 Conj/Fire      0%         3d3       98%         5
 Irradiate                Conj/Tmut      0%         3d14      98%         5
 Blade Hands              Tmut           0%         N/A       100%        6
 Starburst                Conj/Fire      0%         8x6d3     100%        6
 Statue Form              Tmut/Erth      0%         N/A       100%        6
 Dragon Form              Tmut           0%         N/A       100%        7

Inventory:

Hand Weapons
 a - the +8 rapier of the Hummingbird (weapon) {elec, *Corrode rPois Int+3, short}
   (You found it on level 7 of the Dungeon)

   Occasionally, upon striking a foe, it can discharge electrical energy and
   cause terrible harm.
   It affects your intelligence (+3).
   It protects you from poison.
   It may corrode you when you take damage.
 b - the +7 hand crossbow of Unreason {vorpal, *Corrode rC+++ rN+ Int-4, crossbow}
   (You bought it in a shop on level 8 of the Dungeon)

   Any bolt fired from it inflicts extra damage.
   It affects your intelligence (-4).
   It renders you almost immune to cold.
   It protects you from negative energy.
   It may corrode you when you take damage.
 O - a +1 vorpal trident {polearm}
   (You took it off a gnoll sergeant on level 8 of the Dungeon)
 X - the +6 dagger of Linearity {antimagic, Fly rCorr Dex+2, short}
   (You found it on level 11 of the Dungeon)

   It reduces the magical energy of the wielder, and disrupts the spells and
   magical abilities of those hit.
   Natural abilities and divine invocations are not affected.
   It affects your dexterity (+2).
   It grants you flight.
   It protects you from acid and corrosion.
Missiles
 d - 7 throwing nets {=f!fthrowing}
 e - 487 stones (quivered) {throwing}
 j - 249 arrows
 o - 8 javelins {throwing}
 x - 23 bolts
 D - 6 boomerangs {throwing}
 I - 36 poisoned darts {throwing}
 J - 2 curare-tipped darts {=fthrowing}
Armour
 c - a +2 helmet (worn)
 m - a +1 hat of stealth
   (You took it off Gastronok on level 11 of the Dungeon)
 r - a +0 chain mail
   (You found it on level 2 of the Dungeon)
 u - a +2 ring mail of fire resistance (worn)
   (You found it on level 3 of the Dungeon)
 w - a +0 pair of gloves (worn)
   (You found it on level 5 of the Dungeon)
 y - a +0 plate armour
   (You found it on level 5 of the Dungeon)
 A - a +0 pair of boots (worn)
   (You found it on level 3 of the Dungeon)
 S - a +0 buckler (worn)
   (You took it off a gnoll sergeant on level 7 of the Dungeon)
Jewellery
 g - a ring of protection from fire
   (You found it on level 1 of the Dungeon)
 p - a +6 ring of intelligence (right hand)
   (You found it on level 6 of the Dungeon)
 B - a +6 ring of dexterity (left hand)
   (You found it on level 6 of the Dungeon)
 H - a ring of wizardry
   (You found it on level 9 of the Dungeon)
 R - an amulet of faith {!P}
   (You found it on level 10 of the Dungeon)
Wands
 v - a wand of iceblast (57)
   (You found it on level 3 of the Dungeon)
 P - a wand of flame (13)
   (You found it on level 11 of the Dungeon)
 Q - a wand of charming (6)
   (You found it on level 9 of the Dungeon)
 V - a wand of paralysis (9)
   (You found it on level 11 of the Dungeon)
Scrolls
 i - 3 scrolls of immolation {!r!r}
 t - a scroll of silence {!r}
 z - a scroll of vulnerability {!r!r}
 C - a scroll of enchant weapon
 L - a scroll of summoning
 N - 4 scrolls of magic mapping {!r}
 T - 3 scrolls of amnesia
 U - a scroll of brand weapon
 W - 5 scrolls of identify {@r1}
Potions
 f - a potion of mutation {!q}
 h - 3 potions of brilliance
 l - 3 potions of lignification {!q}
 n - 3 potions of curing {@q1}
 q - a potion of might
 s - a potion of cancellation {unknown}
 E - 2 potions of magic
 F - a potion of ambrosia {unknown}
 M - a potion of attraction {!q}
Miscellaneous
 K - a condenser vane
   (You found it on level 9 of the Dungeon)

Dungeon Overview and Level Annotations

Branches:
Dungeon (13/15)            Temple (0/1) D:6            Lair (1/6) D:9
    Orc (2/2) D:11
    Elf: Orc:2       Vaults: D:13-14

Altars:
Cheibriados
Fedhas
Kikubaaqudgha
Makhleb
Nemelex Xobeh
Ru
Xom
Yredelemnul

Shops:
D:6 ?   D:8 *

Annotations:
D:5 2 transporters
D:7 1 transporter
Orc:1 2 transporters, Weeptyisk's ghost, journeyman DDFi

................
.............(..
#...............
#..............
##..............
###.......4.......
##........o34......
##..........@o......
##.........)o....(...
#..........)..((.....
##.....#..........#...
#.............#..## ..
##.............#.# .
#####............#
#............##
#...#.##.#.###


You could see a soul eater (summoned), an orc high priest, a hellwing
(summoned), a chaos spawn (summoned), an orc priest and an orc.


Message History

You kill the orc warrior!
Cheibriados appreciates the change of pace.
An orc priest comes into view. It is wielding a +0 flail.
A warg comes into view.
The orc priest shouts!
The warg howls!
The orc priest begins to cast a cantrip, but forgets the words!
Things that are here:
a +0 battleaxe {axe}; a +0 chain mail; an orc corpse The +8 rapier of the Hummingbird {elec, *Corrode rPois Int+3, short} stops crackling.
You feel stupid.
b - the +7 hand crossbow of Unreason (weapon)
{vorpal, *Corrode rC+++ rN+ Int-4, crossbow} An orc warrior comes into view.
It is wielding a +0 glaive.
An orc high priest comes into view. It is wielding a +0 mace.
You shoot a bolt. The bolt barely misses the warg.
The orc high priest shouts!
The orc warrior shouts!
The bolt hits the orc warrior!!
An orc comes into view. It is wielding a +0 club.
The orc priest calls upon Beogh to heal the orc warrior.
The orc warrior is healed somewhat.
The orc shouts! 😕 HP[+1]
You shoot a bolt. The bolt closely misses the warg.
The bolt closely misses the orc warrior.
The orc priest mumbles some strange prayers to Beogh against you.
Beogh smites you! 😕 HP[-12]
You take 12 damage, and now have 67/89 hp.
You feel clever.
You hear the crackle of electricity.
a - the +8 rapier of the Hummingbird (weapon)
{elec, *Corrode rPois Int+3, short} The warg closely misses you.
You hit the warg. The warg closely misses you.
The orc high priest calls upon Beogh to heal the orc warrior.
The orc warrior is healed somewhat.
You closely miss the warg. You closely miss the warg.
The warg barely misses you.
The orc priest looks braver for a moment. 😕 HP[+1]
You hit the warg but do no damage. You block the warg's attack.
The orc warrior hits you from afar with a +0 glaive!
Your corrosive artefact corrodes you! 😮 HP[-8]
You take 8 damage, and now have 60/89 hp.
You puncture the warg! Lightning courses through the warg!!
The orc priest calls upon Beogh to heal the orc warrior.
The orc warrior's wounds heal themselves!
You closely miss the warg. The warg misses you.
You block the orc warrior's attack.
You puncture the warg!
You kill the warg!
Cheibriados thoroughly appreciates the change of pace.
The orc warrior misses you. The orc priest misses you.
You block the orc's attack. The orc warrior completely misses you.
The orc high priest prays to Beogh.
You hit the orc warrior.
Lightning courses through the orc warrior!
The orc priest completely misses you. You block the orc's attack. 😮 HP[+1]
You puncture the orc warrior!
Lightning courses through the orc warrior!
You kill the orc warrior!
Cheibriados thoroughly appreciates the change of pace.
The orc high priest prays to Beogh.
You puncture the orc priest!
The orc hits you with a +0 club. 😮 HP[-2]
You take 2 damage, and now have 59/89 hp.
You closely miss the orc priest. The orc priest misses you.
The orc high priest calls upon Beogh to heal the orc priest.
The orc priest is healed somewhat.
The soul eater draws from the surrounding life force! 😮 HP[-9]
You take 9 damage, and now have 50/89 hp.
Unknown command.
The orc closely misses you. The orc priest closely misses you.
You block the orc high priest's attack. The chaos spawn hits you.
The chaos spawn shocks you.
* * * LOW HITPOINT WARNING * * *
The hellwing hits you!
* * * LOW HITPOINT WARNING * * *
The hellwing misses you.
The soul eater draws from the surrounding life force!
* * * LOW HITPOINT WARNING * * *
The orc hits you but does no damage. 😱 HP[-36]
You take 36 damage, and now have 14/89 hp.
MASSIVE DAMAGE!! (PAUSE)
You puncture the orc high priest!
The orc high priest hits you with a +0 mace.
* * * LOW HITPOINT WARNING * * *
The orc priest misses you. You block the chaos spawn's attack.
The orc misses you.
You puncture the orc high priest! You puncture the orc high priest!
Lightning courses through the orc high priest!!
The orc high priest hits you with a +0 mace!
* * * LOW HITPOINT WARNING * * *
The orc priest hits you with a +0 flail.
* * * LOW HITPOINT WARNING * * *
The chaos spawn gores you!
You die...

Skill      XL: |  1  2  3  4  5  6  7  8  9 10 11 12 |
---------------+-------------------------------------+-----
Polearms       | 5 6 7 8 9 10 13 14 | 14.2
Invocations    | 1 2 3 4 6 8 10 | 10.0
Armour         | 1 3 |  3.0
Short Blades   | 6 10 14 | 14.0
Shields        | 2 4 |  4.0
Fighting       | 6 |  6.8
Dodging        | 8 |  8.7
Throwing       | |  2.0

Action                   |  1- 3 |  4- 6 |  7- 9 | 10-12 || total
-------------------------+-------+-------+-------+-------++-------
Melee: Trident           |   108 |   141 |   223 |     8 ||   480
       Halberd           |       |       |    62 |    58 ||   120
       Rapier            |       |       |       |   362 ||   362
 Fire: Hunting sling     |     4 |    10 |       |       ||    14
       Hand crossbow     |       |       |    21 |    93 ||   114
Throw: Stone             |    10 |    39 |    70 |    22 ||   141
Invok: Slouch            |       |       |     3 |     4 ||     7
  Use: Scroll            |       |    14 |     7 |     4 ||    25
       Potion            |       |       |     2 |     1 ||     3
 Stab: Sleeping          |     2 |       |     1 |     2 ||     5
Armor: Leather armour    |    28 |       |       |       ||    28
       Chain mail        |       |     4 |       |       ||     4
       Ring mail         |       |    28 |    59 |    76 ||   163
Dodge: Dodged            |    73 |    73 |   116 |   170 ||   432
Block: Buckler           |       |       |       |    64 ||    64

Levels and vault maps discovered:
D:1:      psy_arrival_conway, layout_loops_ring,
          hellmonk_ecumenical_altar_leap_of_faith, serial_bayou_pond_a,
          grunt_decor_one_mirror
D:2:      minmay_general_purpose_star, layout_loops_corners, basic_altar,
          chequers_serial_rivers_room_b, nrook_uturn
D:3:      wad_pebble_path, layout_basic, kiku_gazebo_garden_becter,
          gammafunk_temple_overflow_statue, grunt_ministairs_5, uniq_jessica
D:4:      layout_basic, general_overflow_altar, serial_bayou_pond_c,
          st_stairs_10, roderic_lattice_a
D:5:      gammafunk_wand_slinger, layout_cave_pods
D:6:      layout_cave_pods, minmay_temple_entry_tees, serial_shops, shop,
          serial_park_tiny_2, uniq_menkaure
D:7:      layout_loops_corners, grunt_nemelex_the_gamble
D:8:      layout_basic, xom_teletrap_fun, serial_shops, shop
D:9:      layout_gridville, nicolae_ru_path_of_blood, lair_entry_dummy,
          uniq_prince_ribbit1
D:10:     layout_stronghold, kennysheep_mini_moat
D:11:     layout_loops_ring, zombieorc2_lemuel, minivault_16, uniq_gastronok
D:12:     layout_roguey, gammafunk_ghost_spectres, nrook_loot_triangle,
          chequers_serial_rivers_room_b, uniq_azrael, uniq_erolcha
D:13:     hangedman_cross_cluster, layout_basic, gauntlet_entry_generic
Lair:1:   layout_hall_layers
Orc:1:    layout_caves, gammafunk_ghost_berserking_beasts
Orc:2:    pf_orc_diabolical, layout_diamond_mine, uniq_nessos

Notes
Turn   | Place    | Note
-------+----------+-------------------------------------------
     0 | D:1      | Sobieck the Merfolk Gladiator began the quest for the Orb.
     0 | D:1      | Reached XP level 1. HP: 16/16 MP: 1/1
     0 | D:1      | magus.rc [v1.9.6]
    82 | D:1      | You pick up a book of Maledictions and begin reading...
    82 | D:1      | You add the spells Corona, Ensorcelled Hibernation,
                  | Confusing Touch, Tukima's Dance and Dazzling Flash to your
                  | library.
   158 | D:1      | magus.rc [v1.9.6]
   314 | D:1      | Reached skill level 5 in Polearms
   323 | D:1      | Reached XP level 2. HP: 22/22 MP: 2/2
   363 | D:1      | Found a faded altar of an unknown god.
   368 | D:1      | Became a worshipper of Cheibriados the Contemplative
   368 | D:1      | Reached * piety under Cheibriados
  1153 | D:2      | Found a burning altar of Makhleb.
  1198 | D:2      | Reached XP level 3. HP: 25/27 MP: 3/3
  1247 | D:2      | Reached skill level 6 in Polearms
  1247 | D:2      | Reached skill level 1 in Invocations
  2131 | D:3      | Reached XP level 4. HP: 33/33 MP: 5/5
  2184 | D:3      | Reached ** piety under Cheibriados
  2513 | D:3      | HP: 3/33 [orc/iceblast (11)]
  2786 | D:3      | Found an ancient bone altar of Kikubaaqudgha.
  2952 | D:3      | Noticed Jessica
  2964 | D:3      | Killed Jessica
  2965 | D:3      | Reached skill level 7 in Polearms
  2965 | D:3      | Reached skill level 2 in Invocations
  3224 | D:3      | Found a basalt altar of Yredelemnul.
  3224 | D:3      | Found a blossoming altar of Fedhas.
  3811 | D:4      | Reached XP level 5. HP: 38/38 MP: 6/6
  3881 | D:4      | Reached skill level 1 in Armour
  4170 | D:4      | Noticed an ogre
  4177 | D:4      | Killed an ogre
  4178 | D:4      | Reached skill level 8 in Polearms
  4178 | D:4      | Reached skill level 3 in Invocations
  4178 | D:4      | Reached XP level 6. HP: 44/44 MP: 6/8
  4320 | D:5      | Entered Level 5 of the Dungeon
  4593 | D:4      | You fall into a shaft and drop 2 floors!
  4629 | D:6      | Reached skill level 9 in Polearms
  4670 | D:6      | Reached XP level 7. HP: 34/50 MP: 9/9
  4840 | D:6      | Found a staircase to the Ecumenical Temple.
  4875 | D:6      | Reached *** piety under Cheibriados
  4876 | D:6      | Reached skill level 10 in Polearms
  4876 | D:6      | Reached skill level 4 in Invocations
  4884 | D:6      | HP: 12/50 [killer bee zombie (1)]
  4890 | D:6      | HP: 8/50 [killer bee zombie (3)]
  5696 | D:5      | Found a transporter.
  5696 | D:5      | Found a transporter.
  5758 | D:5      | Reached XP level 8. HP: 45/56 MP: 11/11
  5826 | D:5      | Reached skill level 11 in Polearms
  5826 | D:5      | Reached skill level 5 in Invocations
  6673 | D:6      | Reached skill level 12 in Polearms
  6707 | D:6      | Found Duiph's Magic Scroll Shop.
  6808 | D:6      | Reached skill level 6 in Invocations
  7030 | D:6      | Noticed Menkaure
  7040 | D:6      | Killed Menkaure
  7692 | D:7      | Reached skill level 13 in Polearms
  7692 | D:7      | Reached XP level 9. HP: 51/61 MP: 13/13
  7771 | D:8      | Found a shimmering altar of Xom.
  7785 | D:8      | Reached skill level 7 in Invocations
  7871 | D:7      | Reached **** piety under Cheibriados
  8137 | D:7      | Reached skill level 14 in Polearms
  8139 | D:7      | HP: 15/61 [poisoned by a gnoll sergeant]
  8144 | D:7      | HP: 12/61 [poisoned by a gnoll sergeant]
  8458 | D:7      | Identified the +8 rapier of the Hummingbird {elec, *Corrode
                  | rPois Int+3}
  8562 | D:7      | You pick up a book of Transfigurations {@e2} and begin
                  | reading...
  8562 | D:7      | You add the spells Irradiate, Statue Form, Blade Hands and
                  | Dragon Form to your library.
  8742 | D:7      | Found a sparkling altar of Nemelex Xobeh.
  8742 | D:7      | Found a transporter.
  8872 | D:8      | Found Kewkoit's Assorted Antiques.
  8877 | D:8      | Bought a dazzling hand crossbow for 238 gold pieces
  8877 | D:8      | Identified the +7 hand crossbow of Unreason {vorpal,
                  | *Corrode rC+++ rN+ Int-4} (You bought it in a shop on level
                  | 8 of the Dungeon)
  8898 | D:8      | Reached skill level 1 in Short Blades
  8944 | D:8      | Reached skill level 2 in Short Blades
  8992 | D:8      | Reached skill level 3 in Short Blades
  9234 | D:8      | Reached skill level 4 in Short Blades
  9234 | D:8      | Reached skill level 8 in Invocations
  9505 | D:8      | Noticed a centaur warrior
  9507 | D:8      | Killed a centaur warrior
  9508 | D:8      | Reached skill level 6 in Short Blades
  9508 | D:8      | Reached XP level 10. HP: 47/67 MP: 5/16
  9996 | D:9      | Reached skill level 7 in Short Blades
 10005 | D:9      | Reached skill level 9 in Invocations
 10017 | D:9      | HP: 13/67 [yak (10)]
 10018 | D:9      | Reached skill level 8 in Short Blades
 10328 | D:10     | Entered Level 10 of the Dungeon
 10870 | D:9      | Noticed Prince Ribbit
 10888 | D:9      | Killed Prince Ribbit
 10889 | D:9      | Reached skill level 9 in Short Blades
 10957 | D:9      | Found a staircase to the Lair.
 11024 | D:9      | Found a sacrificial altar of Ru.
 11143 | D:9      | You pick up a book of Maledictions and begin reading...
 11848 | D:10     | Reached skill level 1 in Shields
 11884 | D:10     | Found a snail-covered altar of Cheibriados.
 11998 | D:11     | Noticed a kobold demonologist
 12012 | D:11     | Noticed a sun demon
 12012 | D:11     | Killed a kobold demonologist
 12140 | D:10     | Reached skill level 10 in Short Blades
 12512 | D:11     | Reached skill level 2 in Shields
 12512 | D:11     | Reached skill level 10 in Invocations
 12512 | D:11     | Reached XP level 11. HP: 66/72 MP: 18/18
 12546 | D:11     | Reached skill level 3 in Shields
 12614 | D:12     | Noticed a manticore
 12620 | D:12     | Killed a manticore
 12621 | D:12     | Reached skill level 11 in Short Blades
 12654 | D:11     | Noticed a two-headed ogre
 12659 | D:11     | Killed a two-headed ogre
 12729 | D:11     | Reached skill level 4 in Shields
 12733 | D:11     | Found a staircase to the Orcish Mines.
 12767 | D:11     | Reached ***** piety under Cheibriados
 12825 | D:11     | Identified the +6 dagger of Linearity {antimagic, Fly rCorr
                  | Dex+2}
 12943 | D:11     | You pick up a book of Fire and begin reading...
 12943 | D:11     | You add the spells Ignite Poison, Fireball, Starburst and
                  | Ignition to your library.
 13072 | D:11     | Reached skill level 12 in Short Blades
 13072 | D:11     | Noticed Gastronok
 13082 | D:11     | Noticed a two-headed ogre
 13089 | D:11     | Killed a two-headed ogre
 13096 | D:11     | Killed Gastronok
 13097 | D:11     | Reached skill level 13 in Short Blades
 13629 | D:12     | Noticed a skeletal warrior
 13699 | D:12     | Noticed a skeletal warrior
 13720 | D:12     | Killed a skeletal warrior
 13721 | D:12     | Reached skill level 14 in Short Blades
 13721 | D:12     | Reached XP level 12. HP: 31/80 MP: 19/19
 13734 | D:12     | Reached skill level 3 in Fighting
 13972 | D:12     | Reached skill level 2 in Armour
 13972 | D:12     | Reached skill level 5 in Dodging
 14213 | Lair:1   | Entered Level 1 of the Lair of Beasts
 14222 | Lair:1   | Noticed a catoblepas
 14229 | Lair:1   | Noticed a five-headed hydra
 14423 | Orc:1    | Entered Level 1 of the Orcish Mines
 14510 | Orc:1    | Noticed a sun demon
 14641 | Orc:1    | Found a transporter.
 14699 | Orc:1    | Reached skill level 4 in Fighting
 14762 | Orc:1    | Reached skill level 6 in Dodging
 14892 | Orc:1    | Noticed an orc high priest
 14902 | Orc:1    | Killed an orc high priest
 14903 | Orc:1    | Reached skill level 3 in Armour
 15194 | Orc:1    | Noticed an orc warlord
 15207 | Orc:1    | Reached skill level 5 in Fighting
 15229 | Orc:1    | Killed an orc warlord
 15230 | Orc:1    | Reached skill level 7 in Dodging
 15578 | Orc:1    | Noticed a two-headed ogre
 15585 | Orc:1    | Killed a two-headed ogre
 15586 | Orc:1    | Reached skill level 6 in Fighting
 15687 | Orc:1    | Noticed Weeptyisk's ghost (journeyman DDFi)
 15897 | Orc:1    | Found a transporter.
 15999 | Orc:2    | Entered Level 2 of the Orcish Mines
 16018 | Orc:1    | Learned a level 8 spell: Ignition
 16036 | Orc:2    | Reached skill level 8 in Dodging
 16297 | Orc:2    | Noticed an orc high priest
 16311 | Orc:2    | Noticed a soul eater
 16313 | Orc:2    | HP: 14/89 [soul eater/drain life[an orc high priest] (12)]
 16316 | Orc:2    | HP: 5/89 [orc priest/+0 flail[an orc high priest] (2)]
 16316 | Orc:2    | Slain by a chaos spawn

Vanquished Creatures
  Gastronok (D:11)
  An orc warlord (Orc:1)
  A centaur warrior (D:8)
  3 two-headed ogres
  An orc high priest (Orc:1)
  3 skeletal warriors (D:12)
  4 orc sorcerers
  A cyclops (Orc:2)
  A manticore (D:12)
  2 centaur zombies
  A gargoyle (D:11)
  A kobold demonologist (D:11)
  A troll (D:13)
  A slime creature (D:13)
  Prince Ribbit (D:9)
  A shadow (D:11)
  12 yaks
  3 wyverns
  3 vampire mosquitoes
  Menkaure (D:6)
  2 wargs
  A two-headed ogre zombie (D:11)
  A water moccasin (D:9)
  4 acid dragons
  A black bear (Lair:1)
  A necrophage (D:8)
  18 orc warriors
  2 ice beasts
  2 ogres
  4 phantoms
  A kobold brigand (D:8)
  2 bullfrogs
  3 gnoll sergeants
  A wyvern skeleton (D:6)
  A water moccasin skeleton (D:5)
  2 troll zombies (D:11)
  8 wights
  3 howler monkeys
  A bullfrog zombie (D:5)
  3 hounds
  2 centaur skeletons
  2 bullfrog skeletons
  4 orc priests
  2 gnoll shamans (D:7)
  2 jellies
  Jessica (D:3)
  13 orc wizards
  2 iguanas
  2 killer bee zombies
  5 ogre zombies (D:11)
  2 howler monkey zombies (D:10)
  21 gnolls
  8 adders
  2 white imps (D:6)
  An ufetubus (D:5)
  2 adder skeletons
  A worm (D:4)
  2 dart slugs
  32 orcs
  5 ball pythons
  7 endoplasms
  3 giant cockroaches
  3 goblins
  6 hobgoblins
  3 quokkas
  3 bats
  4 frilled lizards
  2 goblin skeletons (D:11)
  3 goblin zombies (D:11)
  5 hobgoblin zombies (D:11)
  20 kobolds
  2 orc skeletons (D:11)
  13 orc zombies (D:11)
  3 rats
292 creatures vanquished.

Vanquished Creatures (others)
  An orc (D:3)
  4 plants (D:4)
  A withered plant (D:3)
6 creatures vanquished.

Grand Total: 298 creatures vanquished

Table legend:
 A = Non-vault XP
 B = Vault XP
 C = Vault XP percentage of total XP
 D = Non-vault monster count
 E = Vault monster count
 F = Vault count percentage of total count
                 A         B        C        D         E       F
            +---------+---------+-------+---------+---------+-------
      Total |   24924 |    3845 |  13.4 |     245 |      48 |  16.4
            +---------+---------+-------+---------+---------+-------
        D:1 |      25 |       0 |   0.0 |      14 |       0 |   0.0
        D:2 |      35 |      16 |  31.4 |      13 |       3 |  18.8
        D:3 |      34 |      65 |  65.7 |      13 |       4 |  23.5
        D:4 |     281 |      42 |  13.0 |      18 |       1 |   5.3
        D:5 |     530 |       0 |   0.0 |      13 |       0 |   0.0
        D:6 |    1036 |     172 |  14.2 |      22 |       1 |   4.3
        D:7 |     980 |       0 |   0.0 |      24 |       0 |   0.0
        D:8 |    2169 |       0 |   0.0 |      24 |       0 |   0.0
        D:9 |    1964 |     251 |  11.3 |      17 |       1 |   5.6
       D:10 |    1144 |       0 |   0.0 |      11 |       0 |   0.0
       D:11 |    4677 |    3031 |  39.3 |      24 |      37 |  60.7
       D:12 |    2993 |       0 |   0.0 |       5 |       0 |   0.0
       D:13 |     466 |     268 |  36.5 |       2 |       1 |  33.3
     Lair:1 |     136 |       0 |   0.0 |       1 |       0 |   0.0
      Orc:1 |    6613 |       0 |   0.0 |      31 |       0 |   0.0
      Orc:2 |    1841 |       0 |   0.0 |      13 |       0 |   0.0
            +---------+---------+-------+---------+---------+-------

Illustrated notes

Table legend:
 A = Kills in this place as a percentage of kills in entire the game.
 B = Kills by you in this place as a percentage of kills by you in the entire game.
 C = Kills by friends in this place as a percentage of kills by friends in the entire game.
 D = Other kills in this place as a percentage of other kills in the entire game.
 E = Experience gained in this place as a percentage of experience gained in the entire game.
 F = Experience gained in this place divided by the number of levels of this place that you have seen.
                   A       B       C       D       E      F
               +-------+-------+-------+-------+-------+----------------------
         Total | 100.0 | 100.0 |   N/A | 100.0 | 100.0 | 1798.1
       Dungeon |  84.6 |  84.6 |   N/A | 100.0 |  70.1 | 1552.2
          Lair |   0.3 |   0.3 |   N/A |   0.0 |   0.5 | 136.0
  Orcish Mines |  15.0 |  15.1 |   N/A |   0.0 |  29.4 | 4227.0
               +-------+-------+-------+-------+-------+----------------------

Table legend: (Time is in decaauts)
 A = Elapsed time spent in this place.
 B = Non-inter-level travel time spent in this place.
 C = Inter-level travel time spent in this place.
 D = Time resting spent in this place.
 E = Time spent auto-exploring this place.
 F = Levels seen in this place.
 G = Mean time per level.
                   A        B        C        D        E       F      G
               +--------+--------+--------+--------+--------+-----+--------+
         Total |  22043 |  19866 |   2177 |   3247 |  13439 |  16 | 1377.7 |
       Dungeon |  19529 |  17504 |   2025 |   2748 |  12038 |  13 | 1502.2 |
          Lair |     23 |     23 |      0 |      0 |      7 |   1 |   23.0 |
  Orcish Mines |   2491 |   2340 |    151 |    499 |   1392 |   2 | 1245.5 |
               +--------+--------+--------+--------+--------+-----+--------+

Top non-repeatable levels by time:
     D:6: 2267 daAuts
   Orc:1: 2136 daAuts
     D:7: 2064 daAuts
     D:9: 2057 daAuts
     D:3: 1915 daAuts
     D:2: 1819 daAuts
     D:8: 1796 daAuts
    D:10: 1757 daAuts
    D:11: 1632 daAuts
     D:5: 1577 daAuts
     D:1: 1034 daAuts
     D:4: 919 daAuts
    D:12: 667 daAuts
   Orc:2: 355 daAuts
  Lair:1: 23 daAuts
